 Dungeon Crawl Stone Soup version 0.28-a0-1435-g82390b3a13 (webtiles) character file.

Game seed: 11536088840626384111

303 YayAnonymity the Vandal (level 6, 0/50 HPs)
             Began as a Minotaur Hunter on Jan 10, 2022.
             Was an Initiate of Trog.
             Slain by Duvessa (17 damage)
             ... on level 5 of the Dungeon.
             The game lasted 00:06:58 (4710 turns).

YayAnonymity the Vandal (Minotaur Hunter)           Turns: 4710, Time: 00:06:59

Health: 0/50       AC:  4    Str: 18    XL:     6   Next: 15%
Magic:  14/14      EV: 12    Int:  8    God:    Trog [......]
Gold:   206        SH:  3    Dex: 11    Spells: 5/5 levels left

rFire   . . .      SeeInvis .   a - +1 hunting sling
rCold   . . .      Faith    .   l - +0 buckler
rNeg    . . .      Spirit   .   c - +0 leather armour
rPois   .          Reflect  .   (helmet restricted)
rElec   .          Harm     .   (no cloak)
rCorr   .          Rampage  .   n - +0 pair of gloves
Will    .....                   (no boots)
Stlth   ++........              (no amulet)
HPRegen 0.16/turn               p - ring of flight
MPRegen 0.14/turn               q - ring of magical power

@: flying
A: horns 2, retaliatory headbutt
a: Renounce Religion


You were on level 5 of the Dungeon.
You worshipped Trog.
Trog was noncommittal.
You visited 2 branches of the dungeon, and saw 6 of its levels.

You collected 206 gold pieces.

Inventory:

Hand Weapons
 a - a +1 hunting sling (weapon)
 b - a +0 short sword
Missiles
 d - 2 sling bullets (quivered ammo)
 g - 137 stones
 o - 20 poisoned darts
Armour
 c - a +0 leather armour (worn)
 l - a +0 buckler (worn)
 n - a +0 pair of gloves (worn)
Jewellery
 p - a ring of flight (left hand)
 q - a ring of magical power (right hand)
Wands
 z - a wand of flame (15)
 D - a wand of polymorph (7)
Scrolls
 f - a scroll of silence {unknown}
 h - a scroll of enchant armour {unknown}
 i - 2 scrolls of magic mapping {unknown}
 m - 3 scrolls of identify {unknown}
 s - 2 scrolls of teleportation {unknown}
 t - a scroll of amnesia {unknown}
 w - a scroll of fog {unknown}
 x - 2 scrolls of blinking {unknown}
 y - a scroll of enchant weapon {unknown}
 A - a scroll of fear {unknown}
Potions
 e - a potion of flight
 j - a potion of mutation {unknown}
 k - 7 potions of curing
 r - a potion of attraction {unknown}
 u - a potion of degeneration {unknown}
 v - 2 potions of heal wounds {unknown}
 B - 2 potions of resistance {unknown}
 C - 2 potions of lignification {unknown}


   Skills:
 - Level 2.4 Fighting
 * Level 6.9 Slings
 + Level 4.2 Dodging
 - Level 2.0 Stealth


You had 5 spell levels left.
You didn't know any spells.
Your spell library contained the following spells:

 Spells                   Type           Power      Damage    Failure   Level
 Animate Skeleton         Necr           0%         N/A       58%         1
 Apportation              Tloc           0%         N/A       58%         1
 Pain                     Necr           0%         1d4       58%         1
 Sting                    Tmut/Pois      0%         1d3       58%         1
 Poisonous Vapours        Pois/Air       0%         N/A       73%         2
 Vampiric Draining        Necr           0%         2d6       91%         3
 Olgreb's Toxic Radiance  Pois           0%         N/A       100%        4
 Alistair's Intoxication  Tmut/Pois      0%         N/A       100%        5


Dungeon Overview and Level Annotations

Branches:
Dungeon (5/15)             Temple (1/1) D:4

Altars:
Cheibriados
Dithmenos
Elyvilon
Fedhas
Gozag
Kikubaaqudgha
Makhleb
Nemelex Xobeh
Qazlal
Ru
Sif Muna
Trog
Vehumet
Wu Jian
Xom
Yredelemnul
Zin

Annotations:
D:5 Blork the orc, Duvessa


Innate Abilities, Weirdness & Mutations

You have a pair of horns on your head.
You reflexively headbutt those who attack you in melee.


Message History

You shoot a sling bullet.
The sling bullet closely misses Duvessa.
The sling bullet barely misses Dowan.
You shoot a sling bullet. The sling bullet hits Duvessa.
Duvessa is heavily wounded.
Duvessa barely misses you.
You shoot a sling bullet. The sling bullet hits Duvessa.
Duvessa is heavily wounded.
Duvessa hits you with a +0 short sword.
You shoot a sling bullet.
The sling bullet completely misses Duvessa.
The sling bullet hits Dowan!
Dowan is almost dead.
Duvessa closely misses you.
You shoot a sling bullet. The sling bullet hits Duvessa.
Duvessa is severely wounded.
Duvessa completely misses you.
You shoot a sling bullet. The sling bullet barely misses Duvessa.
The sling bullet hits Dowan!
You kill Dowan!
Trog accepts your kill.
Trog appreciates your killing of a magic user.
Duvessa screams, "No!
How DARE you!"
Duvessa goes berserk!
You block Duvessa's attack. Duvessa barely misses you.
You have reached level 6!
You shoot a sling bullet.
The sling bullet closely misses Duvessa.
Duvessa closely misses you.
You shoot a sling bullet.
The sling bullet hits Duvessa but does no damage.
Duvessa is severely wounded.
Duvessa hits you with a +0 short sword!
You are too injured to fight recklessly!
You are too injured to fight recklessly!
You are too injured to fight recklessly!
You are too injured to fight recklessly!
It was a potion of flight.
You feel more buoyant. Duvessa hits you with a +0 short sword!
You die...

##########..#.#
#....
#...........#..
#.###
#.#########.##.
#.# #.# . #.#
.# #.# .. #.#
..
#.############
# #...@e).((.(
############


You could see Duvessa (berserk).

Vanquished Creatures
  Dowan (D:5)
  An orc priest (D:3)
  An iron imp (D:4)
  Robin (D:4)
  3 gnolls (D:4)
  5 adders
  2 white imps
  A worm (D:2)
  6 dart slugs
  3 orcs
  9 ball pythons
  6 endoplasms
  4 giant cockroaches
  12 goblins
  3 hobgoblins
  2 jackals (D:1)
  4 kobolds
  3 quokkas
  A ball python skeleton (D:3)
  7 bats
  2 frilled lizards
  7 rats
84 creatures vanquished.

Notes
Turn   | Place    | Note
-------+----------+-------------------------------------------
     0 | D:1      | YayAnonymity the Minotaur Hunter began the quest for the
                  | Orb.
     0 | D:1      | Reached XP level 1. HP: 18/18 MP: 0/0
    81 | D:1      | Reached skill level 1 in Stealth
   152 | D:1      | Reached XP level 2. HP: 25/25 MP: 1/1
   812 | D:1      | Reached skill level 5 in Slings
   820 | D:1      | Reached XP level 3. HP: 30/30 MP: 2/2
  1875 | D:3      | Reached XP level 4. HP: 23/37 MP: 3/3
  2848 | D:3      | Reached XP level 5. HP: 21/42 MP: 4/4
  3091 | D:4      | Reached skill level 6 in Slings
  3232 | D:4      | Noticed Robin
  3315 | D:4      | Killed Robin
  3554 | D:4      | Found a staircase to the Ecumenical Temple.
  3587 | Temple   | Entered the Ecumenical Temple
  3797 | Temple   | Became a worshipper of Trog the Wrathful
  4046 | D:4      | Found a snail-covered altar of Cheibriados.
  4218 | D:5      | Entered Level 5 of the Dungeon
  4365 | D:5      | Noticed Blork the orc
  4690 | D:5      | Noticed Dowan
  4691 | D:5      | Noticed Duvessa
  4707 | D:5      | Killed Dowan
  4708 | D:5      | Reached XP level 6. HP: 26/50 MP: 5/5
  4710 | D:5      | Slain by Duvessa

Illustrated notes

Levels and vault maps discovered:
D:1:      nagdon_arrival_zigzag_paths, layout_basic, serial_glass,
          glass_columns_a, glass_columns_b, glass_columns_b, glass_columns_c,
          glass_columns_c, glass_columns_b
D:2:      layout_basic, serial_park_tiny_2, minmay_pentomino_z2
D:3:      kennysheep_six_static_rooms, layout_loops_ring
D:4:      layout_basic, slow_altar_2, minmay_temple_entry_glass, uniq_robin
D:5:      layout_loops_ring, uniq_menkaure, uniq_blork_the_orc, uniq_duvessa
Temple:   eino_temple_scatter_basement

Skill      XL: |  1  2  3  4  5 |
---------------+----------------+-----
Stealth        | 1 2 |  2.0
Slings         | 5 6 |  6.9
Dodging        | 3 4 |  4.2
Fighting       | |  2.4

Action                   |  1- 3 |  4- 6 || total
-------------------------+-------+-------++-------
Melee: Short sword       |    35 |    17 ||    52
       Headbutt          |     3 |     3 ||     6
 Fire: Hunting sling     |   100 |   130 ||   230
  Use: Potion            |       |     2 ||     2
Armor: Leather armour    |    11 |    13 ||    24
Dodge: Dodged            |    33 |    36 ||    69
Block: Buckler           |     3 |     9 ||    12

Table legend: (Time is in decaauts)
 A = Elapsed time spent in this place.
 B = Non-inter-level travel time spent in this place.
 C = Inter-level travel time spent in this place.
 D = Time resting spent in this place.
 E = Time spent auto-exploring this place.
 F = Levels seen in this place.
 G = Mean time per level.
                   A        B        C        D        E       F      G
               +--------+--------+--------+--------+--------+-----+--------+
         Total |   4702 |   4284 |    418 |    105 |   3486 |   6 |  783.7 |
       Dungeon |   4477 |   4071 |    406 |    105 |   3298 |   5 |  895.4 |
        Temple |    224 |    212 |     12 |      0 |    188 |   1 |  224.0 |
               +--------+--------+--------+--------+--------+-----+--------+

Top non-repeatable levels by time:
     D:3: 1568 daAuts
     D:4: 1124 daAuts
     D:1: 1016 daAuts
     D:2: 509 daAuts
     D:5: 258 daAuts
  Temple: 224 daAuts
